 Dungeon Crawl Stone Soup version 0.20-a0-386-g2d247ea (webtiles) character file.

1678 AlphabetPasta the Scholar of Death (level 9, -3/68 HPs)
             Began as a Ghoul Necromancer on Dec 29, 2016.
             Was a Follower of Kikubaaqudgha.
             Killed from afar by a steam dragon (20 damage)
             ... with a ball of steam
             ... on level 7 of the Dungeon.
             The game lasted 00:56:14 (7188 turns).

AlphabetPasta the Scholar of Death (GhNe)           Turns: 7188, Time: 00:56:17

Health: -3/68      AC:  6    Str: 15    XL:     9   Next: 1%
Magic:  7/14       EV: 14    Int: 13    God:    Kikubaaqudgha [*.....]
Gold:   171        SH:  0    Dex:  9    Spells: 2/16 levels left

rFire  . . .     SeeInvis .     a - staff of death
rCold  + . .     Gourm    .     r - +0 robe {MR+}
rNeg   + + +     Faith    .     (no shield)
rPois  ∞         Spirit   .     (no helmet)
rElec  .         Reflect  .     u - +0 cloak
rCorr  .         Harm     .     j - +2 pair of gloves {Str+3}
MR     +....                    (no boots)
Stlth  ++........               y - amulet of magic regeneration
                                (no ring)
                                (no ring)

@: rotting
A: rotting body, claws 1, carnivore 3, cold resistance 1, negative energy
resistance 3, slow regeneration 1, torment resistance, unbreathing
a: Receive Corpses, Renounce Religion


You were on level 7 of the Dungeon.
You worshipped Kikubaaqudgha.
Kikubaaqudgha was aware of your devotion.
You were not hungry.

You visited 2 branches of the dungeon, and saw 8 of its levels.

You collected 281 gold pieces.
You spent 110 gold pieces at shops.

Inventory:

Hand Weapons
 b - a +5 quarterstaff of chaos
Armour
 j - a +2 pair of gloves of strength (worn)
 k - a +1 robe
 r - a +0 robe of magic resistance (worn)
 u - a +0 cloak (worn)
Magical Staves
 a - an uncursed staff of death (weapon)
Jewellery
 f - a cursed -2 ring of evasion {unknown}
 g - a +5 ring of dexterity {unknown}
 y - an amulet of magic regeneration (around neck)
 z - an uncursed ring of protection from cold {unknown}
Wands
 q - a wand of paralysis (0/24)
 s - a wand of polymorph (6/24)
 v - a wand of polymorph (8/24)
 x - a wand of iceblast (7/15)
Scrolls
 d - 2 scrolls of enchant armour
 e - a scroll of magic mapping
 i - 3 scrolls of teleportation
Potions
 h - 2 potions of brilliance
 l - 5 potions of curing
 m - 2 potions of might
 n - a potion of resistance
 w - a potion of haste
Books
 p - a book of Necromancy

   Spells                             Type                      Level
   a - Pain                           Necromancy                   1
   b - Animate Skeleton               Necromancy                   1
   c - Vampiric Draining              Necromancy                   3
   d - Regeneration                   Charms/Necromancy            3
   e - Animate Dead                   Necromancy                   4
   f - Control Undead                 Necromancy                   4
Comestibles
 c - 3 meat rations
 o - 2 beef jerkies


   Skills:
 + Level 2.9 Fighting
 - Level 2.2 Staves
 + Level 5.1 Dodging
 - Level 2.1 Stealth
 + Level 4.4 Spellcasting
 * Level 8.4 Necromancy


You had 2 spell levels left.
You knew the following spells:

 Your Spells              Type           Power        Failure   Level  Hunger
a - Pain                  Necr           ####         1%          1    None
b - Animate Skeleton      Necr           N/A          1%          1    None
c - Vampiric Draining     Necr           #####.....   1%          3    ###....
d - Regeneration          Chrm/Necr      ###.......   12%         3    ###....
e - Animate Dead          Necr           N/A          8%          4    ####...
f - Corpse Rot            Necr           N/A          1%          2    ##.....


Dungeon Overview and Level Annotations

Branches:
Dungeon (7/15)             Temple (1/1) D:5

Altars:
Ashenzari
Cheibriados
Dithmenos
Elyvilon
Fedhas
Gozag
Hepliaklqana
Kikubaaqudgha
Makhleb
Nemelex Xobeh
Okawaru
Qazlal
Ru
Sif Muna
Trog
Uskayaw
Vehumet
Xom
Yredelemnul
Zin
The Shining One

Shops:
D:4 *


Innate Abilities, Weirdness & Mutations

Your body is rotting away.
You thrive on raw meat.
You are immune to poison.
You have sharp fingernails.
You are carnivorous and can eat meat at any time.
Your flesh is cold resistant. (rC+)
You are immune to negative energy. (rN+++)
You regenerate slowly when monsters are visible.
You are immune to unholy pain and torment.
You can survive without breathing.


Message History

Aim: a steam dragon (heavily wounded, catching its breath)
You feel a surge of power!
The steam dragon is severely wounded.
You feel life coursing into your body. The steam dragon closely misses you.
The steam dragon claws you.
* * * LOW HITPOINT WARNING * * *
A bullfrog comes into view.
Casting: Vampiric Draining
Confirm with . or Enter, or press ? or * to list all spells.
Aiming: Vampiric Draining
Press: ? - help, Shift-Dir - straight line, f/p - steam dragon
Aim: a steam dragon (severely wounded, catching its breath)
You feel a surge of power!
The steam dragon is almost dead.
You feel life coursing into your body.
The bullfrog gives a loud, deep croak!
The steam dragon breathes steam at you. The ball of steam hits you!
You die...
Kikubaaqudgha rasps: "You have failed me!
Welcome... oblivion!"

##..#...........###...
#.............## ##..
##...........## ##..
#..........## #...
##..)......## ##...
#.........## #....
##..(.....## #....
#.....(§.#### ###..
##....@D§....# ###
##....(......... #
##........[......#
##....<.(.........#
#.................#
#.................#
.?.......F.........
..................
###..............


You could see a steam dragon and a bullfrog.

Vanquished Creatures
  Eustachio (D:6)
  Sigmund (D:3)
  Edmund (D:4)
  An ice beast (D:5)
  2 phantoms
  An ogre (D:4)
  A centaur (D:6)
  Blork the orc (D:6)
  2 howler monkeys
  A crimson imp (D:5)
  2 hounds
  An orc priest (D:5)
  A bullfrog skeleton (D:6)
  2 iguanas
  4 orc wizards
  Jessica (D:2)
  A worker ant (D:4)
  11 adders
  6 gnolls
  A shadow imp (D:5)
  An adder skeleton (D:5)
  2 worms
  A worm (shapeshifter) (D:5)
  4 dart slugs
  2 leopard geckos
  21 orcs
  7 bats
  6 giant cockroaches
  10 goblins
  11 hobgoblins
  9 jackals
  8 kobolds
  3 quokkas
  A ball python (D:2)
  2 frilled lizards (D:2)
  A leopard gecko skeleton (D:5)
  9 rats
140 creatures vanquished.

Vanquished Creatures (collateral kills)
  A howler monkey (D:6)
  Crazy Yiuf (D:3)
  An orc priest (D:4)
  A worker ant (D:6)
  A shadow imp (D:6)
  A dart slug (D:4)
  A leopard gecko (D:5)
  2 orcs
  2 rats (D:3)
11 creatures vanquished.

Grand Total: 151 creatures vanquished

Notes
Turn   | Place    | Note
-------+----------+-------------------------------------------
     0 | D:1      | AlphabetPasta the Ghoul Necromancer began the quest for the Orb.
     0 | D:1      | Reached XP level 1. HP: 14/14 MP: 2/2
    64 | D:1      | Learned a level 1 spell: Animate Skeleton
    83 | D:1      | Reached XP level 2. HP: 17/20 MP: 0/3
   550 | D:1      | Reached XP level 3. HP: 12/25 MP: 0/5
   609 | D:1      | Learned a level 3 spell: Vampiric Draining
  1227 | D:2      | Found a faded altar of an unknown god.
  1304 | D:2      | Reached XP level 4. HP: 29/33 MP: 3/6
  1390 | D:2      | Noticed Jessica
  1448 | D:2      | Learned a level 3 spell: Vampiric Draining
  1465 | D:2      | Killed Jessica
  1465 | D:2      | Reached skill level 5 in Necromancy
  1801 | D:2      | Reached XP level 5. HP: 30/38 MP: 1/7
  1861 | D:2      | Learned a level 3 spell: Regeneration
  2597 | D:3      | Found an opulent altar of Gozag.
  2872 | D:3      | Noticed Sigmund
  2966 | D:3      | Killed Sigmund
  2966 | D:3      | Reached skill level 6 in Necromancy
  2966 | D:3      | Reached XP level 6. HP: 33/45 MP: 0/9
  3360 | D:3      | Found a runed door.
  3364 | D:3      | Noticed Crazy Yiuf
  3375 | D:3      | Killed Crazy Yiuf
  3896 | D:4      | Noticed Edmund
  3906 | D:4      | Killed Edmund
  3906 | D:4      | Reached XP level 7. HP: 31/50 MP: 4/10
  3977 | D:4      | Found Zienuhel's General Store.
  4002 | D:4      | Reached skill level 1 in Staves
  4027 | D:4      | Bought a potion of mutation for 32 gold pieces
  4027 | D:4      | Bought 3 scrolls of identify for 78 gold pieces
  4313 | D:4      | Reached skill level 7 in Necromancy
  4709 | D:5      | Entered Level 5 of the Dungeon
  4743 | D:5      | Reached XP level 8. HP: 23/57 MP: 12/12
  5082 | D:5      | Found a staircase to the Ecumenical Temple.
  5091 | Temple   | Entered the Ecumenical Temple
  5156 | Temple   | Became a worshipper of Kikubaaqudgha
  5381 | D:5      | Learned a level 4 spell: Animate Dead
  5943 | D:6      | Noticed Eustachio
  5973 | D:6      | Killed Eustachio
  5992 | D:6      | Identified a scroll of acquirement
  6038 | D:6      | Noticed Blork the orc
  6100 | D:6      | Killed Blork the orc
  6100 | D:6      | Reached skill level 1 in Fighting
  6731 | D:5      | Reached skill level 5 in Dodging
  6731 | D:5      | Reached skill level 8 in Necromancy
  6847 | D:6      | Reached * piety under Kikubaaqudgha
  6847 | D:6      | Identified Kikubaaqudgha's Disquisition on Evil Rites (Kikubaaqudgha gifted it to you on level 6 of the Dungeon)
  6847 | D:6      | Received a gift from Kikubaaqudgha
  6852 | D:6      | Learned a level 2 spell: Corpse Rot
  7048 | D:6      | Reached XP level 9. HP: 51/68 MP: 2/14
  7188 | D:7      | Killed from afar by a steam dragon

Vault maps used:
D:1:      dpeg_arrival_tiny_a, moated_statue, minmay_misc_feat_tiny
D:2:      chequers_ecumenical_altar_simple_redux, uniq_jessica
D:3:      grunt_gozag_breadcrumbs, uniq_sigmund, uniq_crazy_yiuf_cottage
D:4:      serial_shops, nicolae_shop_temple_entry_statues_fountains, uniq_edmund
D:5:      serial_co_window_serial, co_window_corner_a, co_window_paths_a,
          co_window_corner_a, co_window_corner_a, co_window_paths_a,
          co_window_paths_a, co_window_corner_a, co_window_paths_a,
          co_window_of_opportunity_a, co_window_corner_b, co_window_broadway_a,
          co_window_corner_ca, co_window_unsneaky_path_e,
          co_window_of_opportunity_c, co_window_of_opportunity_b, first_bread
D:6:      uniq_eustachio, uniq_blork_the_orc
D:7:      uniq_pikel
Temple:   minmay_crystal_snake_temple

Skill      XL: |  1  2  3  4  5  6  7  8 |
---------------+-------------------------+-----
Dodging        | 2 3 4 5 |  5.1
Spellcasting   | 2 3 4 |  4.4
Necromancy     | 5 6 7 8 |  8.4
Staves         | 2 |  2.2
Fighting       | 2 |  2.9
Stealth        | |  2.1

Action                   |  1- 3 |  4- 6 |  7- 9 || total
-------------------------+-------+-------+-------++-------
Melee: Unarmed           |    59 |    58 |       ||   117
       Quarterstaff      |       |     9 |   115 ||   124
       Staff             |       |       |   118 ||   118
 Cast: Pain              |    57 |   117 |    58 ||   232
       Animate Skeleton  |     4 |    10 |    19 ||    33
       Vampiric Draining |       |     2 |     8 ||    10
       Animate Dead      |       |       |     1 ||     1
Evoke: Wand              |       |     4 |       ||     4
  Use: Scroll            |     7 |     2 |    10 ||    19
       Potion            |       |       |     3 ||     3
 Stab: Sleeping          |     2 |     1 |     2 ||     5
       Paralysed         |       |    17 |       ||    17
  Eat: Chunk             |    24 |    37 |    57 ||   118
Armor: Robe              |    15 |    14 |    83 ||   112
Dodge: Dodged            |    62 |    56 |   193 ||   311
